 Dungeon Crawl Stone Soup version 0.18-a0-1202-g796ae12 (webtiles) character file.

192 Reinor the Conjurer (level 5, 0/28 HPs)
             Began as a Deep Elf Conjurer on Jan 31, 2016.
             Killed from afar by Reinor's ghost (2 damage)
             ... with a magic dart
             ... on level 3 of the Dungeon.
             The game lasted 00:11:13 (2468 turns).

Reinor the Conjurer (Deep Elf Conjurer)             Turns: 2468, Time: 00:11:13

Health: 0/28       AC:  6    Str:  5    XL:     5   Next: 42%
Magic:  8/14       EV: 13    Int: 21    God:
Gold:   164        SH:  0    Dex: 15    Spells: 3 memorised, 8 levels left

rFire  . . .     SeeInvis .     x - +0 blowgun
rCold  + . .     Gourm    .     a - +0 robe
rNeg   . . .     Faith    .     (no shield)
rPois  .         Spirit   .     n - +2 helmet
rElec  .         Dismiss  .     (no cloak)
rCorr  .         Reflect  .     r - +0 pair of gloves
SustAt .         Harm     .     (no boots)
MR     .....                    g - amulet of magic regeneration
Stlth  ++........               (no ring)
                                k - ring of protection from cold

@: very slightly contaminated, not resistant to hostile enchantments, unstealthy
A: no striking features
a: no special abilities


You were on level 3 of the Dungeon.
You were hungry.

You visited 1 branch of the dungeon, and saw 3 of its levels.

You collected 164 gold pieces.

Inventory:

Hand Weapons
 l - a +2 short sword of venom
 x - a +0 blowgun (weapon)
Missiles
 w - 16 poisoned needles (quivered)
Armour
 a - a +0 robe (worn)
 n - a +2 helmet (worn)
 r - a +0 pair of gloves (worn)
Jewellery
 g - an amulet of magic regeneration (around neck)
 k - a ring of protection from cold (left hand)
Potions
 e - a potion of haste
 f - a potion of resistance
 j - a potion of heal wounds
 m - a potion of might {unknown}
 o - 2 potions of curing
 s - a potion of brilliance
 v - a potion of cure mutation {unknown}
Books
 b - a book of Conjurations

   Spells                             Type                      Level
   a - Magic Dart                     Conjuration                  1
   b - Searing Ray                    Conjuration                  2
   c - Dazzling Spray                 Conjuration/Hexes            3
   d - Fulminant Prism                Conjuration/Hexes            4
   e - Iskenderun's Mystic Blast      Conjuration                  4
   f - Iskenderun's Battlesphere      Conjuration/Charms           5
Miscellaneous
 h - a plain deck of summoning
Comestibles
 c - 7 bread rations
 d - a slice of pizza
 i - a beef jerky
 q - 3 meat rations


   Skills:
 - Level 2.4 Dodging
 - Level 2.4 Stealth
 + Level 5.3 Spellcasting
 + Level 6.4 Conjurations


You had 8 spell levels left.
You knew the following spells:

 Your Spells              Type           Power        Failure   Level  Hunger
a - Magic Dart            Conj           ####         1%          1    None
b - Searing Ray           Conj           ####..       1%          2    None
c - Dazzling Spray        Conj/Hex       ###.....     10%         3    ##.....


Dungeon Overview and Level Annotations

Branches:
Dungeon (3/15)

Altars:
Nemelex Xobeh

Annotations:
D:3 Reinor's ghost, amateur DECj


Message History

Reinor's ghost is moderately damaged.
Reinor's ghost points at you and mumbles some strange words.
The spray of energy hits you!
Ouch! That really hurt!
* * * LOW HITPOINT WARNING * * *
Read which item? (? for menu, Esc to quit)
As you read the scroll labeled EDEKHLIU UDWA, it crumbles to dust.
You feel aware of your surroundings.
It was a scroll of magic mapping.
Read which item? (? for menu, Esc to quit)
As you read the scroll labeled LICAEPIXZYOKK, it crumbles to dust.
You hear a loud clanging noise!
It was a scroll of noise.
You hear a shout!
Reinor's ghost hits you.
* * * LOW HITPOINT WARNING * * *
Reinor's ghost burns you.
* * * LOW HITPOINT WARNING * * *
Reinor's ghost casts a spell at you. The magic dart hits you!
You die...

#####..#.......##.#
#..........#.##.#
#.##.####..#.##.# ##.##..#
#..#.##.# #...#..# #..#.##.#
#...#..###..#.##.#
#...#...##.....#W# ******
##...#.#.###)####.## *,,,,*
.....#..........@..# *,**,*
##.#.#....##.#.....########*,**,*
#....'.......#.....'.....(.,,,*,*
#..#.#....#..#.....########****,*
####.#.......#.....# *,*
.....#...#...#.....# *,*
######...#...#.....# *,*
#.....>..#...###'########## *,*
#.#####.##...#............# *,*


You could see Reinor's ghost.

Vanquished Creatures
  A phantom (D:3)
  4 adders
  An ooze (D:1)
  3 worms (D:2)
  4 giant geckos
  6 bats
  4 giant cockroaches
  10 goblins
  6 hobgoblins
  9 kobolds
  A quokka (D:2)
  2 ball pythons
  A ball python skeleton (D:3)
  A giant newt (D:2)
  A rat (D:1)
54 creatures vanquished.

Notes
Turn   | Place    | Note
--------------------------------------------------------------
     0 | D:1      | Reinor the Deep Elf Conjurer began the quest for the Orb.
     0 | D:1      | Reached XP level 1. HP: 10/10 MP: 6/6
   121 | D:1      | Reached XP level 2. HP: 12/15 MP: 0/8
   181 | D:1      | Reached skill level 5 in Conjurations
   907 | D:2      | Reached XP level 3. HP: 19/19 MP: 5/9
   911 | D:2      | Learned a level 2 spell: Searing Ray
   915 | D:2      | Learned a level 3 spell: Dazzling Spray
  1113 | D:2      | Found a sparkling altar of Nemelex Xobeh.
  1782 | D:3      | Reached XP level 4. HP: 24/24 MP: 8/12
  1842 | D:3      | Noticed Reinor's ghost (amateur DECj)
  2263 | D:3      | Noticed a phantom
  2274 | D:3      | Killed a phantom
  2274 | D:3      | Reached skill level 5 in Spellcasting
  2274 | D:3      | Reached skill level 6 in Conjurations
  2274 | D:3      | Reached XP level 5. HP: 24/28 MP: 4/14
  2462 | D:3      | HP: 1/28 [Reinor's ghost (1)]
  2468 | D:3      | Killed from afar by Reinor's ghost

Vault maps used:
D:1:      nicolae_arrival_somewhat_less_tricky_arrival
D:2:      nemelex_deck
D:3:      supply_closet_lemuel

Action                   |  1- 3 |  4- 6 || total
-------------------------+-------+-------++-------
Melee: Unarmed           |     2 |       ||     2
       Short sword       |     7 |       ||     7
 Cast: Magic Dart        |    90 |    30 ||   120
       Dazzling Spray    |     2 |     2 ||     4
       Searing Ray       |       |     2 ||     2
  Use: Scroll            |     6 |     5 ||    11
  Eat: Chunk             |     3 |     1 ||     4
